 Dungeon Crawl Stone Soup version 0.18-a0-943-g2c08dd4 (webtiles) character file.

114 wvc the Magician (level 4, 0/33 HPs)
             Began as a Mummy Wizard on Dec 20, 2015.
             Slain by an orc
             ... wielding a +0 dagger
              (4 damage)
             ... on level 3 of the Dungeon on Dec 28, 2015.
             The game lasted 00:13:16 (9930 turns).

wvc the Magician (Mummy Wizard)                     Turns: 9930, Time: 00:13:16

Health: 0/33       AC:  8    Str: 10    XL:     4   Next: 67%
Magic:  8/8        EV:  3    Int: 20    God:
Gold:   104        SH:  6    Dex: 10    Spells: 1 memorised, 8 levels left

rFire  x . .     SeeInvis .     a - +0 mace
rCold  + . .     Gourm    .     j - +0 scale mail
rNeg   + + +     Faith    .     f - +0 shield
rPois  ∞         Spirit   .     b - +1 hat
rElec  .         Dismiss  .     i - +0 cloak (curse)
rCorr  .         Reflect  .     (no gloves)
SustAt .         Harm     .     (no boots)
MR     .....                    (no amulet)
Stlth  ..........               g - -2 ring of evasion (curse)
                                d - +2 ring of intelligence

@: not resistant to hostile enchantments, extremely unstealthy
A: no food or potions, fire vulnerability, cold resistance 1, negative energy
resistance 3, torment resistance, unbreathing
a: no special abilities


You were on level 3 of the Dungeon.
You were not hungry.

You visited 1 branch of the dungeon, and saw 4 of its levels.

You collected 104 gold pieces.

Inventory:

Hand Weapons
 a - a +0 mace (weapon)
Missiles
 h - 17 poisoned needles
Armour
 b - a +1 hat (worn)
 f - a +0 shield (worn)
 i - a cursed +0 cloak (worn)
 j - a +0 scale mail (worn)
Jewellery
 d - a +2 ring of intelligence (left hand)
 g - a cursed -2 ring of evasion (right hand)
Wands
 e - a wand of digging (9/24)
Scrolls
 l - 3 scrolls of identify
 m - a scroll of magic mapping
Books
 c - a book of Minor Magic

   Spells                             Type                      Level
   a - Magic Dart                     Conjuration                  1
   b - Blink                          Translocation                2
   c - Call Imp                       Summoning                    2
   d - Repel Missiles                 Charms/Air                   2
   e - Slow                           Hexes                        2
   f - Conjure Flame                  Conjuration/Fire             3
   g - Mephitic Cloud                 Conjuration/Poison/Air       3


   Skills:
 + Level 1.7 Fighting
 * Level 2.3 Maces & Flails
 - Level 1.8 Armour
 - Level 1.5 Dodging
 - Level 1.5 Stealth
 - Level 3.0 Spellcasting
 - Level 0.7 Conjurations
   Level 0.7 Summonings
   Level 0.7 Translocations


You had 8 spell levels left.
You knew the following spells:

 Your Spells              Type           Power        Failure   Level  Hunger
a - Magic Dart            Conj           #...         100%        1    N/A

Dungeon Overview and Level Annotations

Branches:
Dungeon (4/15)
 Temple: D:4-7

Altars:


Innate Abilities, Weirdness & Mutations

You do not eat or drink.
Your flesh is vulnerable to fire.
You are immune to poison.
Your flesh is cold resistant.
You are immune to negative energy.
You are immune to unholy pain and torment.
You can survive without breathing.


Message History

The orc hits you with a mace of protection.
* * * LOW HITPOINT WARNING * * *
The orc hits you.
* * * LOW HITPOINT WARNING * * *
Read which item? (? for menu, Esc to quit)
Okay, then.
Casting: Magic Dart
Confirm with . or Enter, or press ? or * to list all spells.
You don't know that spell.
Evoke which item? (* to show all) (? for menu, Esc to quit)
Zapping:
e - a wand of digging (will waste charges)
Press: ? - help, Shift-Dir - straight line The rock shatters into small pieces.
Evoking this partially-identified wand wasted a few charges.
You block the orc's attack. The orc hits you.
* * * LOW HITPOINT WARNING * * *
You see here 2 tomahawks.
You barely miss the orc. You block the orc's attack. The orc barely misses you.
The orc hits you with a dagger.
You die...

#################
#...............#
#.#############.#
#.# ####.#######
#.# #..........##
#.# #.####.###...
#.###### #.# #.#
####
#..÷...#####.#
#..
######.@.....#
#### #o#######
#r# #.# ######o#
###..(...#
#.....##.#
##.#.#.##.#
#.........#


You could see 2 orcs and a rat.

Vanquished Creatures
  A worker ant (D:3)
  An adder (D:3)
  2 oozes
  A worm (D:2)
  4 giant geckos
  2 orcs
  A ball python (D:2)
  7 giant cockroaches
  9 hobgoblins
  4 jackals (D:3)
  4 kobolds (D:2)
  2 quokkas
  7 bats
  A giant newt (D:1)
  5 goblins
  6 rats
57 creatures vanquished.

Notes
Turn   | Place    | Note
--------------------------------------------------------------
     0 | D:1      | wvc the Mummy Wizard began the quest for the Orb.
     0 | D:1      | Reached XP level 1. HP: 13/13 MP: 4/4
   646 | D:1      | Reached skill level 1 in Maces & Flails
   646 | D:1      | Reached XP level 2. HP: 15/20 MP: 1/6
  1359 | D:2      | Reached skill level 1 in Fighting
  1459 | D:2      | Reached XP level 3. HP: 19/26 MP: 7/7
  2453 | D:2      | Reached skill level 1 in Armour
  7861 | D:2      | Reached XP level 4. HP: 29/32 MP: 8/8
  9363 | D:2      | Upgraded the game from 0.18-a0-846-g91b95b1 to 0.18-a0-900-gbbf5c82
  9718 | D:3      | Upgraded the game from 0.18-a0-900-gbbf5c82 to 0.18-a0-943-g2c08dd4
  9930 | D:3      | Slain by an orc

Vault maps used:
D:1:      minmay_arrival_wavy_path, serial_forest, infiniplex_forest_lined_1,
          infiniplex_forest_corner_2, infiniplex_forest_lined_3,
          infiniplex_forest_lined_corner, infiniplex_forest_lined_corner,
          infiniplex_forest_3_way, infiniplex_forest_corner_1
D:2:      first_bread, minivault_27, hangedman_abyss_or_decor_lesser_grid
D:3:      nemelex_deck
D:4:      temple_doors_d, serial_shops, shop,
          gammafunk_pakellas_statue_experiment

Action                   |  1- 3 |  4- 6 || total
-------------------------+-------+-------++-------
Melee: Mace              |   168 |    68 ||   236
 Cast: Magic Dart        |    23 |       ||    23
Evoke: Wand              |       |     1 ||     1
  Use: Scroll            |     6 |       ||     6
